 Dungeon Crawl Stone Soup version 0.32-a0-361-g289a535e89 (webtiles) character file.

Game seed: 1528498511291146565

127993 greenreed the Warrior (level 17, 0/148 HPs)
             Began as a Coglin Berserker on Feb 19, 2024.
             Was a High Priest of Trog.
             Slain by a five-headed hydra (12 damage)
             ... on level 2 of the Swamp.
             The game lasted 01:16:37 (28516 turns).

greenreed the Warrior (Coglin Berserker)           Turns: 28516, Time: 01:16:38

Health: 0/148      AC:  5    Str: 26    XL:     17   Next: 2%
Magic:  17/17      EV: 18    Int:  4    God:    Trog [*****.]
Gold:   1038       SH:  0    Dex: 23    Spells: 16/16 levels left

rFire   . . .        L - +7 long sword "Xippiodynk" {flame, rC+}
rCold   + . .        N - +2 falchion (protect) {Prani}
rNeg    + . .        W - +0 chain mail of Leapfrog {rPois Slay+3}
rPois   +            Y - +1 helmet
rElec   .            S - scarf {repulsion}
rCorr   .            G - +0 pair of gloves {Str+3}
SInv    .            i - +0 pair of boots
Will    +....        U - amulet of faith Stlth
                     j - +4 ring of slaying
HPRegen 0.44/turn    a - ring of positive energy
MPRegen 0.15/turn

%: repel missiles, faith
@: corroded, revving, very slow
A: off-hand wielding, slow wielding, warmup strikes, warmup strides, agile 1,
deterioration 1, strong 1, evolution 1, sturdy frame 1, persistent drain
a: Renounce Religion, Berserk, Trog's Hand, Brothers in Arms


You were on level 2 of the Swamp.
You worshipped Trog.
Trog was extremely pleased with you.
You visited 5 branches of the dungeon, and saw 25 of its levels.
You also visited: Bailey, Ice Cave and Volcano.

You collected 2660 gold pieces.
You spent 1622 gold pieces at shops.

Inventory:

Hand Weapons
 y - a +0 antimagic demon blade
 L - the +7 long sword "Xippiodynk" (weapon) {flame, rC+}
   (Trog gifted it to you in a bailey)

   rC+:       It protects you from cold.
 N - a +2 falchion of protection (worn) {Prani}
Missiles
 v - 4 curare-tipped darts (quivered)
 D - a throwing net
Armour
 i - a +0 pair of boots (worn)
 G - a +0 pair of gloves of strength (worn)
 S - a scarf of repulsion (worn)
 W - the +0 chain mail of Leapfrog (worn) {rPois Slay+3}
   (You bought it in a shop on level 6 of the Dungeon)

   Slay+3:    It affects your accuracy & damage with ranged weapons and melee
   (+3).
   rPois:     It protects you from poison
 Y - a +1 helmet (worn)
Jewellery
 a - a ring of positive energy (right grasper)
 j - a +4 ring of slaying (left grasper)
 k - a +5 ring of evasion
 w - a ring of fire
 M - a +4 ring of protection
 P - a ring of poison resistance
 T - a ring of resist corrosion
 U - an amulet of faith (around neck)
 Z - a ring of protection from cold
Wands
 q - a wand of digging (10)
 C - a wand of roots (32)
 I - a wand of charming (35)
 J - a wand of polymorph (15)
 K - a wand of flame (9)
Scrolls
 b - 2 scrolls of vulnerability
 c - 2 scrolls of poison
 f - 3 scrolls of immolation
 g - 7 scrolls of teleportation
 l - 6 scrolls of enchant armour
 m - 13 scrolls of fog
 p - 3 scrolls of blinking
 s - a scroll of butterflies {unknown}
 t - 4 scrolls of revelation
 u - a scroll of silence {unknown}
 x - 3 scrolls of enchant weapon
 O - a scroll of fear {unknown}
Potions
 d - a potion of degeneration {unknown}
 e - 4 potions of invisibility
 h - 11 potions of curing
 n - 4 potions of haste
 o - 4 potions of mutation
 r - a potion of cancellation
 z - 5 potions of heal wounds
 A - 3 potions of might
 B - 2 potions of attraction {unknown}
 E - a potion of resistance {unknown}
 F - 3 potions of enlightenment
 Q - a potion of lignification {unknown}
 V - 3 potions of magic {unknown}
 X - 2 potions of berserk rage {unknown}
Miscellaneous
 H - a phial of floods
 R - a box of beasts


   Skills:
 * Level 17.4 Fighting
 - Level 16.0 Long Blades
 + Level 11.6 Armour
 + Level 11.5 Dodging
 + Level 11.9 Evocations


You had 16 spell levels left.
You didn't know any spells.
Your spell library was empty.

Dungeon Overview and Level Annotations

Branches:
Dungeon (15/15)            Temple (1/1) D:5            Lair (5/5) D:9
  Swamp (2/4) Lair:3        Snake (0/4) Lair:2        Slime (0/5) Lair:4
    Orc (2/2) D:9             Elf (0/3) Orc:2        Vaults (0/5) D:13
 Depths (0/4) D:15         Bailey (visited)           IceCv (visited)
Volcano (visited)

Altars:
Ashenzari
Cheibriados
Dithmenos
Elyvilon
Fedhas
Gozag
Hepliaklqana
Kikubaaqudgha
Makhleb
Nemelex Xobeh
Okawaru
Qazlal
Ru
Sif Muna
Trog
Uskayaw
Vehumet
Wu Jian
Xom
Yredelemnul
Zin
The Shining One
Beogh
Jiyva

Shops:
D:6 *   D:8 ?   D:10 *   D:15 ?   Orc:1 =   Orc:2 :*[([


Innate Abilities, Weirdness & Mutations

You can wield a second weapon in your off-hand.
It takes a long time for you to wield or remove held weapons.
Your first few attacks do less damage.
Your first movements take longer.
You are agile. (Dex +4, Str/Int -1)
Your body sometimes deteriorates upon taking damage.
Your muscles are strong. (Str +4, Int/Dex -1)
You have hidden genetic potential.
Your movements are slightly less encumbered by armour. (ER -2)
Your health recovers twice as slowly from being drained.


Message History

The five-headed hydra roars!
You hit the swamp worm with the +7 long sword "Xippiodynk".
You burn the swamp worm. The goliath frog hits you from afar.
The acid corrodes you!
You are splashed with acid!
You hit the swamp worm with the +7 long sword "Xippiodynk".
You burn the swamp worm.
The swamp worm is heavily wounded.
You hit the swamp worm with your +2 falchion of protection.
The swamp worm closely misses you. The goliath frog misses you.
Unknown command.
You slash the swamp worm with your +2 falchion of protection!
The swamp worm is almost dead.
You slice the swamp worm with the +7 long sword "Xippiodynk"!!
You burn the swamp worm.
You kill the swamp worm!
Trog accepts your kill.
You enter the shallow water.
Moving in this stuff is going to be slow.
The goliath frog closely misses you. The goliath frog barely misses you.
The goliath frog completely misses you.
You enter the shallow water.
Moving in this stuff is going to be slow.
The goliath frog barely misses you.
The five-headed hydra closely misses you.
The five-headed hydra bites you. The five-headed hydra misses you.
The five-headed hydra barely misses you. x2
The goliath frog hits you from afar.
* * * LOW HITPOINT WARNING * * *
The acid corrodes you!
You are splashed with acid.
* * * LOW HITPOINT WARNING * * *
The goliath frog attacks as it pursues you!
The goliath frog barely misses you. The goliath frog hits you from afar!
* * * LOW HITPOINT WARNING * * *
The acid corrodes you!
You are splashed with acid!
* * * LOW HITPOINT WARNING * * *
The five-headed hydra bites you.
* * * LOW HITPOINT WARNING * * *
The five-headed hydra bites you but does no damage. x2
The five-headed hydra misses you. The five-headed hydra bites you!
You die...

♣~~ ...~..♣......
♣..§.♣♣.~~...~~~~~~
♣§~.~♣♣.~~<.♣~~♣~♣~
♣.~~~♣♣.♣~....~~~~~
♣~~§..~.~§.~~~~~~~♣
♣.~§~♣~.~~~§~~~.~~~
♣~~~~~~~.~.~.~~~..§
♣~..♣~~..~)♣~.~~~~~
♣♣.@D~.~.†~~~~~~.~~~
♣<♣..F~~††~~~♣.~.~~~
♣♣.~~~~~~~.~.~~~~.§~
♣.~~~~♣~~~§~<....~~
♣~.~§~~~~.~~~~~♣...
♣~.~~~~~~~~~.~~~.~~
♣~..~♣>~~~...~~~§F~
....~~!~~.~~...!.§~
~...~..<.~~§~...w~


You could see a five-headed hydra and a goliath frog.

Vanquished Creatures
  Rupert (Lair:4)
  Kirke (Lair:4)
  A thorn hunter (Lair:3)
  Donald (Swamp:1)
  Louise (Swamp:1)
  An orc warlord (Orc:2)
  A bunyip (Swamp:1)
  A red draconian (Volcano)
  2 eleionomae
  A dire elephant (Lair:5)
  Josephine (D:12)
  A vault guard (D:13)
  An ogre mage (D:15)
  4 hydras
  3 alligators (Swamp:1)
  5 centaur warriors
  A catoblepas (Lair:3)
  Erica (Orc:1)
  10 boulder beetles
  A deep troll earth mage (D:15)
  4 orc high priests (Orc:2)
  3 tengu warriors (D:15)
  A skyshark (Lair:1)
  A salamander mystic (Volcano)
  2 arcanists
  A spriggan druid (Swamp:1)
  A swamp dragon (Swamp:1)
  A harpy (shapeshifter) (D:13)
  Pikel (D:8)
  A necromancer (IceCv)
  3 orc knights
  17 ugly things
  3 deep elf pyromancers
  4 orc sorcerers (Orc:2)
  2 manticores
  4 cyclopes
  5 salamanders (Volcano)
  3 meliai (Lair:4)
  10 elephants
  An ice statue (IceCv)
  4 slime creatures (D:15)
  12 cane toads
  5 black mambas
  The ghost of gdog the Covert, a novice GnDe (D:4)
  4 kobold blastminers
  A gargoyle (D:11)
  A cane toad (shapeshifter) (D:15)
  A kobold demonologist (D:11)
  An unseen horror (D:13)
  Jeremiah (D:8)
  7 rime drakes
  A yaktaur (shapeshifter) (D:14)
  A yaktaur (D:15)
  An efreet (D:15)
  10 komodo dragons
  12 ice devils (IceCv)
  2 freezing wraiths (IceCv)
  A tengu conjurer (D:14)
  A queen bee (Lair:4)
  7 tyrant leeches
  2 trolls
  7 hornets
  11 polar bears
  16 blink frogs
  14 spriggans
  8 wraiths
  A centaur simulacrum (D:15)
  5 dire elephant simulacra (IceCv)
  A shadow (D:10)
  A shapeshifter (D:15)
  A water elemental (D:12)
  2 wyverns
  A vampire (D:12)
  3 wargs (Orc:2)
  Eustachio (D:5)
  45 yaks
  5 basilisks
  9 vampire mosquitoes
  6 death yak simulacra
  Grum (D:9)
  3 harpy simulacra (IceCv)
  7 swamp worms
  13 water moccasins
  A hydra simulacrum (IceCv)
  3 hell hounds
  A naga (Lair:2)
  33 orc warriors
  A sky beast (D:7)
  8 black bears
  2 laughing skulls (D:15)
  5 ice beasts (D:9)
  3 ogres
  5 boggarts (Lair:5)
  28 wolves
  24 centaurs
  2 phantoms
  4 lemures (D:8)
  13 bullfrogs
  3 kobold brigands
  2 gnoll sergeants
  A two-headed ogre simulacrum (IceCv)
  2 scorpions
  10 wights
  4 cane toad simulacra (IceCv)
  5 elephant simulacra (IceCv)
  26 killer bees
  2 electric eels
  7 howler monkeys
  6 jellies
  22 orc priests
  3 iguanas
  Jessica (D:2)
  2 gnoll boudas
  2 sleepcaps (D:6)
  3 troll simulacra (IceCv)
  4 hell rats (Lair:3)
  33 orc wizards
  3 polar bear simulacra (IceCv)
  A spriggan simulacrum (IceCv)
  3 wolf simulacra (IceCv)
  25 gnolls
  13 adders
  A naga simulacrum (IceCv)
  A shadow imp (D:8)
  4 white imps
  2 ufetubi (D:7)
  A dart slug (D:1)
  92 orcs
  5 endoplasms
  2 giant cockroaches
  8 goblins
  6 hobgoblins
  5 jackals (D:3)
  21 kobolds
  7 quokkas
  8 ball pythons
  7 bats
  4 frilled lizards
  4 rats
  A butterfly (Lair:3)
839 creatures vanquished.

Vanquished Creatures (collateral kills)
  3 vault guards (D:13)
  A centaur warrior (D:13)
  An orc high priest (Orc:2)
  An orc knight (Orc:2)
  A deep elf pyromancer (D:13)
  A manticore (D:13)
  A rime drake (Lair:3)
  A slime creature (D:13)
  2 wyverns (Lair:3)
  A wraith (D:13)
  4 basilisks (Lair:3)
  A vampire mosquito (D:13)
  An orc warrior (Orc:2)
  A centaur (Bailey)
  2 orc priests (Orc:2)
  A hell rat (Lair:3)
  An orc wizard (Orc:2)
  5 orcs
29 creatures vanquished.

Vanquished Creatures (others)
  A spriggan (Swamp:1)
  A bloated husk (Swamp:1)
  A hornet (Swamp:1)
  A vampire mosquito (Swamp:2)
  An orc wizard (Orc:2)
  An orc (Bailey)
6 creatures vanquished.

Grand Total: 874 creatures vanquished

Notes
Turn   | Place    | Note
-------+----------+-------------------------------------------
     0 | D:1      | greenreed the Coglin Berserker began the quest for the Orb.
     0 | D:1      | Reached XP level 1. HP: 18/18 MP: 1/1
   128 | D:1      | Reached XP level 2. HP: 13/24 MP: 2/2
   379 | D:1      | Reached XP level 3. HP: 7/29 MP: 3/3
   841 | D:2      | Noticed Jessica
   846 | D:2      | Killed Jessica
   847 | D:2      | Reached XP level 4. HP: 34/37 MP: 4/4
   928 | D:2      | Reached skill level 4 in Fighting
   930 | D:2      | Reached ** piety under Trog
   934 | D:2      | Reached XP level 5. HP: 30/42 MP: 5/5
  1617 | D:3      | Noticed a phantom
  1625 | D:3      | Killed a phantom
  1626 | D:3      | Reached XP level 6. HP: 47/49 MP: 6/6
  1912 | D:3      | Reached *** piety under Trog
  2534 | D:4      | Found a runed translucent door.
  2555 | D:4      | Noticed gdog's ghost (novice GnDe)
  2614 | D:4      | Reached skill level 5 in Fighting
  2614 | D:4      | Reached skill level 5 in Long Blades
  2614 | D:4      | Reached XP level 7. HP: 55/56 MP: 7/7
  3200 | D:4      | Killed gdog's ghost
  3201 | D:4      | Reached skill level 6 in Fighting
  3201 | D:4      | Reached XP level 8. HP: 64/64 MP: 8/8
  3243 | D:5      | Entered Level 5 of the Dungeon
  3245 | D:5      | Noticed Eustachio
  3349 | D:5      | Killed Eustachio
  3710 | D:5      | Found a staircase to the Ecumenical Temple.
  3754 | D:5      | Found a stormy altar of Qazlal.
  3754 | D:5      | Found a sacrificial altar of Ru.
  3755 | D:5      | Found a shadowy altar of Dithmenos.
  3896 | D:5      | Reached skill level 7 in Fighting
  4107 | Temple   | Entered the Ecumenical Temple
  4169 | D:6      | Reached XP level 9. HP: 72/72 MP: 9/9
  4312 | D:6      | Reached **** piety under Trog
  4405 | D:6      | Found Ubuewkirch's General Store.
  4413 | D:6      | Bought a potion of enlightenment for 70 gold pieces
  4413 | D:6      | Bought a +0 pair of gloves of strength for 161 gold pieces
  5010 | D:7      | Identified the +0 chain mail of Gengehos {rN++ Str-2 Int+2
                  | Dex+2}
  5117 | D:7      | Reached skill level 8 in Fighting
  5129 | D:7      | Reached skill level 5 in Armour
  5159 | D:7      | Identified the +1 ring mail "Ydau" {Dex+2}
  5284 | D:7      | Reached skill level 5 in Dodging
  5786 | D:8      | Noticed Pikel
  5814 | D:8      | Killed Pikel
  5815 | D:8      | Reached XP level 10. HP: 82/82 MP: 10/10
  5830 | D:8      | Reached skill level 9 in Fighting
  5838 | D:8      | Reached ***** piety under Trog
  6369 | D:8      | Noticed Jeremiah
  6395 | D:8      | Killed Jeremiah
  6643 | D:8      | Found Pecwut's Magic Scroll Shoppe.
  6649 | D:8      | Bought a scroll of identify for 32 gold pieces
  6649 | D:8      | Bought a scroll of identify for 32 gold pieces
  6649 | D:8      | Bought a scroll of identify for 32 gold pieces
  6649 | D:8      | Bought a scroll of identify for 32 gold pieces
  6649 | D:8      | Bought a scroll of identify for 32 gold pieces
  7232 | D:8      | Found a sparkling altar of Nemelex Xobeh.
  7232 | D:8      | Found a transporter.
  7232 | D:8      | Noticed a centaur warrior
  7392 | D:9      | Found a staircase to the Lair.
  7640 | D:9      | Found a flagged portal.
  7690 | Bailey   | Entered a bailey
  7905 | Bailey   | Reached skill level 10 in Fighting
  7905 | Bailey   | Reached skill level 10 in Long Blades
  7968 | Bailey   | Reached XP level 11. HP: 33/90 MP: 6/11
  8168 | Bailey   | Identified the +7 long sword "Xippiodynk" {flame, rC+}
                  | (Trog gifted it to you in a bailey)
  8168 | Bailey   | Received a gift from Trog
  8597 | Bailey   | Reached skill level 11 in Fighting
  8597 | Bailey   | Reached XP level 12. HP: 100/100 MP: 12/12
  8849 | D:9      | Noticed a boulder beetle
  8865 | D:9      | Killed a boulder beetle
  8995 | D:9      | Noticed a boulder beetle
  9001 | D:9      | Killed a boulder beetle
  9063 | D:9      | Noticed Grum
  9072 | D:9      | Killed Grum
  9288 | D:9      | Reached skill level 12 in Fighting
  9764 | D:9      | Found an ancient bone altar of Kikubaaqudgha.
  9780 | D:9      | Found a staircase to the Orcish Mines.
  9823 | D:9      | Gained mutation: Your muscles are strong. (Str +4, Int/Dex
                  | -1) [potion of mutation]
  9823 | D:9      | Gained mutation: Your muscles are very strong. (Str +8,
                  | Int/Dex -2) [potion of mutation]
  9823 | D:9      | Gained mutation: You sometimes lose your temper in combat.
                  | [potion of mutation]
  9824 | D:9      | Lost mutation: You sometimes lose your temper in combat.
                  | [potion of mutation]
  9824 | D:9      | Lost mutation: Your muscles are very strong. (Str +8,
                  | Int/Dex -2) [potion of mutation]
  9824 | D:9      | Gained mutation: Your movements are slightly less
                  | encumbered by armour. (ER -2) [potion of mutation]
  9824 | D:9      | Gained mutation: Your system is resistant to poisons.
                  | (rPois) [potion of mutation]
  9824 | D:9      | Gained mutation: Your muscles are very strong. (Str +8,
                  | Int/Dex -2) [potion of mutation]
  9825 | D:9      | Lost mutation: Your movements are slightly less encumbered
                  | by armour. (ER -2) [potion of mutation]
  9825 | D:9      | Lost mutation: Your system is resistant to poisons. (rPois)
                  | [potion of mutation]
  9825 | D:9      | Lost mutation: Your muscles are very strong. (Str +8,
                  | Int/Dex -2) [potion of mutation]
  9825 | D:9      | Gained mutation: Your health recovers twice as slowly from
                  | being drained. [potion of mutation]
  9825 | D:9      | Gained mutation: You have hidden genetic potential. [potion
                  | of mutation]
  9825 | D:9      | Gained mutation: You are agile. (Dex +4, Str/Int -1)
                  | [potion of mutation]
  9864 | D:10     | Entered Level 10 of the Dungeon
  9866 | D:10     | Found Jesmaraa's Assorted Antiques.
  9919 | D:10     | Bought an agate ring for 155 gold pieces
  9919 | D:10     | Bought a scroll labelled FENNIU GUPIN for 31 gold pieces
  9919 | D:10     | Bought a scroll labelled FENNIU GUPIN for 31 gold pieces
 10754 | D:11     | Reached skill level 1 in Evocations
 10760 | D:11     | Received a gift from Trog
 10879 | D:11     | Noticed a boulder beetle
 10889 | D:11     | Killed a boulder beetle
 11621 | D:12     | Reached XP level 13. HP: 109/109 MP: 13/13
 11887 | D:12     | Found a shadowy altar of Dithmenos.
 11947 | D:12     | Reached skill level 13 in Fighting
 12214 | D:12     | Noticed Josephine
 12222 | D:12     | Killed Josephine
 12526 | D:13     | Found a gate to the Vaults.
 12526 | D:13     | Noticed a vault guard
 12526 | D:13     | Noticed a vault guard
 12526 | D:13     | Noticed a vault guard
 12526 | D:13     | Noticed a vault guard
 12544 | D:13     | Killed a vault guard
 12545 | D:13     | Killed a vault guard
 12548 | D:13     | Killed a vault guard
 12555 | D:13     | Killed a vault guard
 12562 | D:13     | Gained mutation: Your movements are slightly less
                  | encumbered by armour. (ER -2) [hidden potential]
 12742 | D:13     | Reached skill level 5 in Evocations
 12744 | D:13     | Received a gift from Trog
 13648 | D:14     | Identified the maw talisman of the Skies Above {rF- Will++
                  | Str+3 Int+3}
 14054 | D:14     | Reached XP level 14. HP: 113/119 MP: 14/14
 14486 | D:14     | Found a sparkling altar of Nemelex Xobeh.
 14517 | D:15     | Entered Level 15 of the Dungeon
 14526 | D:15     | Reached skill level 14 in Fighting
 15227 | D:15     | Found Beuplidd's Magic Scroll Shop.
 15305 | D:15     | Found a staircase to the Depths.
 16468 | Lair:1   | Entered Level 1 of the Lair of Beasts
 16607 | D:6      | Bought the +0 chain mail of Leapfrog {rPois Slay+3} for 396
                  | gold pieces
 16798 | Lair:1   | Received a gift from Trog
 17107 | Lair:1   | Identified the +1 robe "Noasat" {Will+ rCorr Str-2 Int+7
                  | Archmagi}
 17306 | Lair:1   | Reached XP level 15. HP: 127/127 MP: 15/15
 17393 | Lair:1   | Reached skill level 15 in Fighting
 17398 | Lair:1   | Reached skill level 15 in Long Blades
 17995 | Lair:2   | Found a frozen archway.
 18020 | IceCv    | Entered an ice cave
 18329 | IceCv    | Reached ****** piety under Trog
 18334 | IceCv    | Reached skill level 10 in Armour
 18522 | IceCv    | Found an ancient bone altar of Kikubaaqudgha.
 18526 | IceCv    | Reached skill level 10 in Dodging
 18546 | IceCv    | Received a gift from Trog
 19263 | Lair:2   | Found a staircase to the Snake Pit.
 19642 | Lair:3   | Found a staircase to the Swamp.
 20970 | Lair:4   | Noticed Rupert
 20983 | Lair:4   | Killed Rupert
 21431 | Lair:4   | Identified the +4 hand axe of Anger {flame, rElec Str+3}
                  | (Trog gifted it to you on level 4 of the Lair of Beasts)
 21431 | Lair:4   | Received a gift from Trog
 21683 | Lair:4   | Noticed Kirke
 21689 | Lair:4   | Found a staircase to the Slime Pits.
 21689 | Lair:4   | Found a viscous altar of Jiyva.
 21696 | Lair:4   | Killed Kirke
 21785 | Lair:4   | Identified the +1 leather armour of Hoseedd {rC+ Slay+2}
 22377 | Lair:5   | Entered Level 5 of the Lair of Beasts
 22412 | Lair:5   | Reached skill level 16 in Fighting
 22412 | Lair:5   | Reached XP level 16. HP: 126/138 MP: 16/16
 22444 | Lair:5   | Reached skill level 10 in Evocations
 22675 | Lair:5   | Found a dark tunnel.
 22689 | Volcano  | Entered a volcano
 23469 | Lair:5   | Received a gift from Trog
 24508 | Orc:1    | Entered Level 1 of the Orcish Mines
 24513 | Orc:1    | Found Zaryirue's Jewellery Emporium.
 24755 | D:10     | Bought a runed scimitar for 217 gold pieces
 24858 | D:15     | Bought a scroll of brand weapon for 161 gold pieces
 25011 | Orc:2    | Entered Level 2 of the Orcish Mines
 25021 | Orc:2    | Found Leus Utu's Antique Armour Shop.
 25112 | Orc:2    | Found a staircase to the Elven Halls.
 25494 | Orc:2    | Received a gift from Trog
 25971 | Orc:2    | Found a roughly hewn altar of Beogh.
 26091 | Orc:2    | Gained mutation: Your body sometimes deteriorates upon
                  | taking damage. [a neqoxec]
 26350 | Orc:2    | Reached skill level 17 in Fighting
 26397 | Orc:2    | Found a roughly hewn altar of Beogh.
 26553 | Orc:2    | Found Posiong's General Store.
 26554 | Orc:2    | Found Per Woah's Book Boutique.
 26556 | Orc:2    | Found Achem's Antique Armour Shop.
 26556 | Orc:2    | Found Siuttalu's Antique Weapon Shop.
 26582 | Orc:2    | Bought a runed scarf for 240 gold pieces
 26712 | Orc:1    | Received a gift from Trog
 26752 | Orc:1    | Noticed Erica
 26757 | Orc:1    | Killed Erica
 27186 | Swamp:1  | Entered Level 1 of the Swamp
 27186 | Swamp:1  | Noticed Louise
 27200 | Swamp:1  | Killed Louise
 27416 | Swamp:1  | Noticed a thorn hunter
 27419 | Swamp:1  | HP: 6/141 [five-headed hydra (12)]
 27419 | Swamp:1  | HP: 1/141 [five-headed hydra (5)]
 27822 | Lair:3   | Killed a thorn hunter
 28107 | Swamp:1  | Noticed Donald
 28117 | Swamp:1  | Killed Donald
 28118 | Swamp:1  | Reached XP level 17. HP: 111/148 MP: 17/17
 28516 | Swamp:2  | Slain by a five-headed hydra

Illustrated notes

Levels and vault maps discovered:
D:1:      dpeg_arrival_solitude, layout_loops_ring,
          corexii_item_surrounded_by_moat, hangedman_decor_push
D:2:      layout_basic, uniq_jessica
D:3:      minmay_bubble_buster, layout_loops_ring, kennysheep_minor_cross
D:4:      layout_cave_pods, ebering_ghost_reflecting_pool
D:5:      layout_rooms, gammafunk_temple_overflow_forgotten,
          minmay_temple_entry_ruins, uniq_eustachio
D:6:      layout_loops_ring, serial_shops, shop_statue
D:7:      minmay_spotlight, layout_basic
D:8:      layout_loops_corners, grunt_nemelex_the_gamble, serial_shops,
          nicolae_shop_just_a_little_nook, uniq_jeremiah, uniq_pikel
D:9:      layout_basic, marbit_many_paths, hellmonk_lair_entry_icy,
          enter_bailey_4, columned_hall_lemuel, wad_mini_maze, uniq_grum
D:10:     layout_irregular_city, serial_shops, shop, kennysheep_generic_room_13
D:11:     layout_irregular_city
D:12:     layout_basic, grunt_dithmenos_smoke_and_mirrors, uniq_josephine
D:13:     layout_basic, lightli_vaults_fourway_checkpoint
D:14:     layout_irregular_city, nemelex_diamond_rough_becter
D:15:     hellmonk_depths_entry_around_the_bend, layout_long_grid, serial_shops,
          nicolae_shop_advertising_works [nicolae_subvault_shop_adworks],
          minmay_misc_feat_iff
Temple:   sentei_temple_godly_chess
Lair:1:   beast_lair_carwin_large_2, layout_cellular_growth
Lair:2:   layout_loops_ring, guppyfry_snake_entry_island,
          portal_ice_cave_entry_ice_simulacra, serial_bayou_pond_c, st_stairs_3
Lair:3:   layout_concentric_octagons, alex1729_swamp_entry_worm_eleionoma,
          special_room [special_room_mythical_zoo], lemuel_fruit_fields
Lair:4:   layout_roguey [special_room_bee], nicolae_slime_entry_field_trip,
          eino_small_chamber_without_monster, uniq_rupert, uniq_kirke
Lair:5:   minmay_lair_end_enchanted_forest, layout_regular_city,
          enter_volcano_3, minmay_shattered_shrine
Swamp:1:  layout_basic_swamp, serial_swamp_ruin, hangedman_swamp_ruin_wall,
          evilmike_swamp_ruin_house_6, swamp_pool_4, uniq_donald, uniq_louise
Swamp:2:  layout_falls_marsh, nicolae_swamp_round_clearing, swamp_pool_3,
          nicolae_swamp_decorative_isthmus
Orc:1:    layout_diamond_mine, serial_shops, shop, uniq_erica
Orc:2:    st_orc_congregation, layout_diamond_mine, basic_altar, serial_shops,
          shop, mines1_david

Skill      XL: |  1  2  3  4  5  6  7  8  9 10 11 12 13 14 15 16 |
---------------+-------------------------------------------------+-----
Dodging        | 2 3 4 5 6 7 8 9 10 11 | 11.5
Armour         | 2 3 4 5 6 7 8 9 10 11 | 11.6
Fighting       | 4 5 6 7 8 10 11 12 13 14 16 17 | 17.4
Long Blades    | 4 5 6 7 8 10 11 12 13 14 16 | 16.0
Evocations     | 2 6 8 9 11 | 11.9

Action                     |  1- 3 |  4- 6 |  7- 9 | 10-12 | 13-15 | 16-18 || total
---------------------------+-------+-------+-------+-------+-------+-------++-------
  Melee: Falchion          |    47 |   160 |   256 |   298 |   690 |   357 ||  1808
         Short sword       |    24 |    21 |       |       |       |       ||    45
         Dagger            |     3 |       |       |       |       |       ||     3
         Long sword        |       |       |   126 |   301 |   748 |   424 ||  1599
         Scimitar          |       |       |       |       |       |    30 ||    30
 Invoke: Berserk           |     1 |       |     1 |     1 |     4 |     1 ||     8
         Trog's Hand       |       |       |     1 |       |     3 |     3 ||     7
         Brothers in Arms  |       |       |       |       |     5 |     3 ||     8
  Evoke: Wand              |       |       |       |     3 |       |     1 ||     4
    Use: Scroll            |       |       |       |    13 |     6 |     7 ||    26
         Potion            |       |       |       |     4 |     1 |     3 ||     8
   Stab: Distracted        |       |       |       |       |     1 |     2 ||     3
 Armour: Animal skin       |    27 |       |       |       |       |       ||    27
         Robe              |       |    12 |       |       |       |       ||    12
         Plate armour      |       |    60 |   113 |       |       |       ||   173
         Chain mail        |       |       |    67 |   264 |   562 |   402 ||  1295
  Dodge: Dodged            |    24 |    34 |    76 |   332 |   604 |   498 ||  1568
         Repelled          |       |       |       |       |       |     7 ||     7

Table legend: (Time is in decaauts)
 A = Elapsed time spent in this place.
 B = Non-inter-level travel time spent in this place.
 C = Inter-level travel time spent in this place.
 D = Time resting spent in this place.
 E = Time spent auto-exploring this place.
 F = Levels seen in this place.
 G = Mean time per level.
                   A        B        C        D        E       F      G
               +--------+--------+--------+--------+--------+-----+--------+
         Total |  29230 |  26954 |   2276 |   2906 |  18954 |  28 | 1043.9 |
       Dungeon |  16861 |  15243 |   1618 |    950 |  11833 |  15 | 1124.1 |
        Temple |      1 |      1 |      0 |      0 |      0 |   1 |    1.0 |
          Lair |   6580 |   6129 |    451 |    634 |   4339 |   5 | 1316.0 |
         Swamp |    925 |    889 |     36 |     26 |    668 |   2 |  462.5 |
  Orcish Mines |   2356 |   2186 |    170 |    518 |   1176 |   2 | 1178.0 |
        Bailey |   1048 |   1048 |      0 |    266 |    349 |   1 | 1048.0 |
      Ice Cave |    946 |    946 |      0 |    310 |    372 |   1 |  946.0 |
       Volcano |    511 |    511 |      0 |    202 |    216 |   1 |  511.0 |
               +--------+--------+--------+--------+--------+-----+--------+

Top non-repeatable levels by time:
     D:8: 1897 daAuts
    D:15: 1859 daAuts
  Lair:3: 1812 daAuts
     D:9: 1608 daAuts
  Lair:5: 1526 daAuts
   Orc:2: 1494 daAuts
  Lair:1: 1278 daAuts
    D:13: 1252 daAuts
  Lair:4: 1169 daAuts
     D:4: 1165 daAuts
    D:12: 1162 daAuts
  Bailey: 1048 daAuts
    D:14: 1020 daAuts
    D:11: 995 daAuts
   IceCv: 946 daAuts
